Map: Ulrena

Players

Divide - Winner!

  • Race: Zerg Zerg
  • League: Diamond

ILLBdA

  • Race: Protoss Protoss
  • League: Diamond

VOD

Have the link to the VOD?

Description

Time

  • Played on: Dec. 31, 2015, 4:05 a.m.
  • Length: 7:13
Show
View Real Time Build Order
Export as new Build Order

Divide Zerg - Winner!

Build Orders: Pool First 

Get SALT Encoding   

  12  0:01  Drone  
  13  0:13  Overlord  
  13  0:17  Drone  
  14  0:31  Drone x2  
  16  0:42  Spawning Pool  
  15  0:46  Drone  
  16  0:57  Drone  
  17  1:04  Drone  
  18  1:23  Hatchery  
  17  1:29  Zergling x2  
  18  1:36  Queen  
  20  1:53  Overlord  
  20  1:54  Drone x2  
  22  2:10  Extractor  
  22  2:11  Extractor  
  20  2:16  Queen  
  20  2:22  Drone x2  
  24  2:36  Queen  
  24  2:37  Drone x2  
  24  2:38  Drone  
  29  2:52  Roach Warren  
  27  3:08  Spine Crawler  
  27  3:09  Queen  
  28  3:25  Overlord  
  28  3:36  Roach x3  
  28  3:37  Overlord  
  34  3:45  Roach  
  36  3:59  Ravager  
  36  4:00  Ravager x2  
  36  4:01  Roach x2  
  43  4:16  Roach x3  
  49  4:34  Roach  
  51  5:08  Overlord x3  
  51  5:11  Ravager  
  51  5:12  Overlord x2  
  50  5:37  Queen x2  
  50  5:42  Ravager  
  55  5:44  Ravager  
  56  6:05  Roach x2  
  56  6:06  Roach x3  
  66  6:13  Queen  
  68  6:38  Overlord  
  71  6:40  Ravager x4  
  71  6:41  Ravager x2  
  74  6:49  Drone x6  
Show
View Real Time Build Order
Export as new Build Order

ILLBdA Protoss 

Build Orders:  

Get SALT Encoding   

  12  0:00  Probe (Chrono Boost)  
  13  0:11  Probe (Chrono Boost)  
  14  0:22  Probe (Chrono Boost)  
  15  0:37  Pylon  
  15  0:53  Pylon  
  15  0:55  Assimilator  
  15  1:00  Assimilator  
  15  1:11  Probe (Chrono Boost)  
  15  1:13  Gateway  
  16  1:22  Probe (Chrono Boost)  
  18  1:32  Probe (Chrono Boost)  
  18  1:36  Pylon  
  18  1:43  Probe (Chrono Boost)  
  19  1:53  Probe (Chrono Boost)  
  20  1:55  Gateway  
  20  2:01  Cybernetics Core, Zealot  
  22  2:04  Probe (Chrono Boost)  
  23  2:15  Probe (Chrono Boost)  
  24  2:25  Probe (Chrono Boost)  
  26  2:39  Mothership Core (Chrono Boost)  
  26  2:44  Sentry x2, Nexus  
  31  2:46  Warp Gate  
  31  2:58  Pylon  
  31  3:16  Probe (Chrono Boost), Adept  
  31  3:18  Gateway  
  34  3:24  Gateway  
  36  3:27  Sentry  
  36  3:37  Pylon  
  36  3:41  Probe (Chrono Boost)  
  37  3:47  Stargate  
  37  3:51  Probe (Chrono Boost)  
  38  3:58  Probe (Chrono Boost)  
  38  4:02  Probe (Chrono Boost)  
  40  4:08  Probe (Chrono Boost)  
  41  4:12  Probe (Chrono Boost)  
  42  4:19  Probe (Chrono Boost)  
  42  4:23  Probe (Chrono Boost)  
  44  4:26  Robotics Facility  
  44  4:29  Probe (Chrono Boost)  
  45  4:31  Oracle (Chrono Boost)  
  45  4:32  Probe (Chrono Boost)  
  47  4:52  Stalker x3  
  55  5:09  Zealot  
  57  5:16  Gateway  
  57  5:17  Gateway  
  55  5:32  Pylon, Phoenix (Chrono Boost)  
  55  5:41  Pylon  
  55  5:48  Pylon x2  
  55  5:51  Immortal (Chrono Boost)  
  55  5:55  Adept  
  61  6:16  Adept x2  
  61  6:17  Adept  
  67  6:20  Void Ray (Chrono Boost)  
  67  6:21  Pylon  
  71  6:30  Immortal (Chrono Boost)  
  75  6:40  Pylon  
  75  6:41  Zealot  
  75  6:42  Pylon, Zealot x4  
  85  6:50  Probe  
  86  7:00  Adept  
Tags
 
Matchup
PvZ
Opening
Pool First
Replay Pack
me
Add a new tag
Caveats
  • Supply blocks, unpowered buildings, or Contaminate may cause inaccurate times.
  • Supply counts are checked every 10 seconds.